 Dungeon Crawl Stone Soup version 0.28-a0-1395-g4f6bc678fa (webtiles) character file.

Game seed: 13373643930432867281

583 frimble the Grasshopper (level 7, 0/50 HPs)
             Began as a Demonspawn Warper on Jan 5, 2022.
             Succumbed to a queen bee's poison
             ... on level 5 of the Dungeon.
             The game lasted 00:07:14 (5712 turns).

frimble the Grasshopper (Demonspawn Warper)         Turns: 5712, Time: 00:07:14

Health: 0/50       AC: 14    Str: 11    XL:     7   Next: 14%
Magic:  9/10       EV: 12    Int: 16    God:
Gold:   223        SH:  0    Dex: 13    Spells: 8/10 levels left

rFire   + . .      SeeInvis .   s - +8 long sword "Trog's Righteous Fury" {speed, rElec}
rCold   . . .      Faith    .   (no shield)
rNeg    . . .      Spirit   .   e - +2 leather armour {rF+}
rPois   +          Reflect  .   f - +2 hat
rElec   +          Harm     .   (no cloak)
rCorr   .          Rampage  .   (no gloves)
Will    .....                   j - +0 pair of boots
Stlth   ++........              q - amulet of the acrobat
HPRegen 0.16/turn               c - +4 ring of protection
MPRegen 0.12/turn               t - ring of poison resistance

@: lethally poisoned (0 -> -13)
A: slimy green scales 1, foul stench 1, powered by pain 2
a: no special abilities


You were on level 5 of the Dungeon.
You visited 2 branches of the dungeon, and saw 7 of its levels.

You collected 223 gold pieces.

Inventory:

Hand Weapons
 a - a +1 short sword of electrocution
 s - the +8 long sword "Trog's Righteous Fury" (weapon) {speed, rElec}
   (You found it on level 5 of the Dungeon)

   Attacks with this weapon are significantly faster.
   rElec:     It insulates you from electricity.
Missiles
 d - 5 boomerangs of dispersal (quivered)
Armour
 e - a +2 leather armour of fire resistance (worn)
 f - a +2 hat (worn)
 i - the +0 helmet of the Armoured One {rElec Dex+4}
   (You found it on level 3 of the Dungeon)

   Dex:       It affects your dexterity (+4).
   rElec:     It insulates you from electricity.
 j - a +0 pair of boots (worn)
Jewellery
 c - a +4 ring of protection (left hand)
 q - an amulet of the acrobat (around neck)
 t - a ring of poison resistance (right hand)
Wands
 k - a wand of polymorph (9)
 n - a wand of digging (6)
Scrolls
 g - a scroll of enchant armour
 l - 4 scrolls of teleportation
 p - 2 scrolls of enchant weapon
Potions
 m - a potion of heal wounds {unknown}
 o - a potion of magic {unknown}
 r - a potion of berserk rage {unknown}
 u - a potion of haste {unknown}


   Skills:
 - Level 2.2 Fighting
 - Level 4.2(4.3) Short Blades
 + Level 1.1(2.9) Long Blades
 - Level 1.1 Throwing
 - Level 1.1 Armour
 - Level 2.8 Dodging
 + Level 2.2 Stealth
 - Level 2.1 Spellcasting
 + Level 4.9 Translocations


You had 8 spell levels left.
You knew the following spells:

 Your Spells              Type           Power      Damage    Failure   Level
a - Blink                 Tloc           34%        N/A       5%          2

Your spell library contained the following spells:

 Spells                   Type           Power      Damage    Failure   Level
 Gell's Gravitas          Tloc           17%        N/A       11%         3
 Lesser Beckoning         Tloc           17%        N/A       11%         3
 Teleport Other           Tloc           17%        N/A       11%         3
 Foxfire                  Conj/Fire      4%         2x1d4     26%         1
 Magic Dart               Conj           4%         1d3       26%         1
 Call Imp                 Summ           1%         N/A       38%         2
 Conjure Flame            Conj/Fire      1%         6-21      63%         3
 Frozen Ramparts          Ice            2%         1d2       63%         3
 Inner Flame              Hex/Fire       1%         N/A       63%         3
 Mephitic Cloud           Conj/Pois/Air  1%         N/A       63%         3
 Manifold Assault         Tloc           17%        N/A       67%         5
 Cause Fear               Hex            0%         N/A       95%         4
 Flame Wave               Conj/Fire      1%         2d4       95%         4
 Lee's Rapid Deconstruct  Erth           0%         3d5*      100%        5
 Iron Shot                Conj/Erth      0%         9d1       100%        6
 Simulacrum               Ice/Necr       0%         N/A       100%        6
 Discord                  Hex            0%         N/A       100%        8


Dungeon Overview and Level Annotations

Branches:
Dungeon (6/15)             Temple (1/1) D:5

Altars:
Dithmenos
Elyvilon
Gozag
Makhleb
Nemelex Xobeh
Okawaru
Qazlal
Ru
Sif Muna
Trog
Uskayaw
Vehumet
Zin
The Shining One

Shops:
D:3 =


Innate Abilities, Weirdness & Mutations

You are partially covered in slimy green scales. (AC +2)
You may rarely emit foul miasma when damaged in melee.
You sometimes gain power by taking damage.


Message History

You feel very sick. The queen bee stings you.
You are more poisoned.
The queen bee poisons you!
You hit the queen bee.
The queen bee is severely wounded.
You feel extremely sick.
The queen bee stings you but does no damage.
You barely miss the queen bee.
The queen bee is severely wounded.
You feel very sick.
You hit the queen bee but do no damage.
The queen bee is severely wounded.
* * * LOW HITPOINT WARNING * * *
You feel very sick.
The queen bee stings you but does no damage.
You hit the queen bee but do no damage.
The queen bee is heavily wounded.
* * * LOW HITPOINT WARNING * * *
You feel very sick.
The queen bee stings you but does no damage.
You hit the queen bee but do no damage.
The queen bee is heavily wounded.
* * * LOW HITPOINT WARNING * * *
You feel very sick. The queen bee stings you!
* * * LOW HITPOINT WARNING * * *
You focus on the pain.
You feel agile all of a sudden.
You emit a cloud of foul miasma!
It was a potion of cancellation.
Your magical effects are unravelling.
You feel magically purged.
You feel less wooden.
Your +2 hat unmelds from your body.
Your +0 pair of boots unmelds from your body.
Your +2 leather armour of fire resistance unmelds from your body.
You feel resistant to fire.
You feel a little less agile now.
You die...

....# #.......# #......
...######'#################......
...#..........##........#<.......
##'#..........#....#....#........
............>.#...)#....#........
..............#'#######'#........
....#####'#.................#####
....#.....'....y............#
....#.....#.....@(..........#
....#.....#.................#
#########+#.................#####
#............#############....
#............#.......# #....
#............'.......# #....
####............#..##########....
................####.............
...................[.............


You could see a queen bee.

Vanquished Creatures
  A sky beast (D:5)
  A necrophage (D:4)
  A howler monkey (D:5)
  A centaur zombie (D:5)
  Ijyb (D:3)
  2 hounds
  A centaur skeleton (D:5)
  An iguana (D:5)
  A hound zombie (D:5)
  A hound skeleton (D:5)
  7 gnolls
  2 adders (D:4)
  A howler monkey skeleton (D:5)
  A white imp (D:5)
  An adder skeleton (D:4)
  2 dart slugs
  4 orcs
  6 endoplasms
  5 giant cockroaches
  3 goblins (D:3)
  6 hobgoblins
  2 jackals (D:2)
  2 kobolds
  2 quokkas
  4 ball pythons
  2 bats (D:1)
  8 frilled lizards
  3 rats
72 creatures vanquished.

Vanquished Creatures (others)
  2 plants (D:2)
2 creatures vanquished.

Grand Total: 74 creatures vanquished

Notes
Turn   | Place    | Note
-------+----------+-------------------------------------------
     0 | D:1      | frimble the Demonspawn Warper began the quest for the Orb.
     0 | D:1      | Reached XP level 1. HP: 16/16 MP: 3/3
   271 | D:1      | Reached skill level 1 in Throwing
   271 | D:1      | Reached skill level 1 in Armour
   441 | D:1      | Gained mutation: You are partially covered in slimy green
                  | scales. (AC +2) [demonic ancestry]
   441 | D:1      | Reached XP level 2. HP: 15/22 MP: 5/5
   545 | D:1      | Got the Papyrus of Earthen Cold
   661 | D:1      | Learned a level 2 spell: Blink
  1370 | D:3      | Identified the +0 helmet of the Armoured One {rElec Dex+4}
  1396 | D:3      | Found Takiufedi's Jewellery Boutique.
  1520 | D:4      | Noticed a necrophage
  1661 | D:4      | Killed a necrophage
  1662 | D:4      | Reached XP level 3. HP: 16/27 MP: 6/6
  1662 | D:4      | Gained mutation: You sometimes gain a little power by
                  | taking damage. [demonic ancestry]
  1662 | D:4      | Reached XP level 4. HP: 20/33 MP: 7/7
  2199 | D:2      | Gained mutation: You may rarely emit foul miasma when
                  | damaged in melee. [demonic ancestry]
  2199 | D:2      | Reached XP level 5. HP: 31/38 MP: 8/8
  3128 | D:3      | Noticed Ijyb
  3153 | D:3      | Killed Ijyb
  3605 | D:4      | Reached XP level 6. HP: 44/44 MP: 9/9
  4133 | D:5      | Entered Level 5 of the Dungeon
  4597 | D:5      | Noticed a sky beast
  4627 | D:5      | Identified the +8 long sword "Trog's Righteous Fury"
                  | {speed, rElec}
  4632 | D:5      | Killed a sky beast
  4633 | D:5      | Reached skill level 1 in Stealth
  4853 | D:5      | Gained mutation: You sometimes gain power by taking damage.
                  | [demonic ancestry]
  4853 | D:5      | Reached XP level 7. HP: 48/50 MP: 10/10
  4935 | D:5      | Found an opulent altar of Gozag.
  4939 | D:5      | Found an opulent altar of Gozag.
  4939 | D:5      | Found an opulent altar of Gozag.
  4969 | D:5      | Found an opulent altar of Gozag.
  5045 | D:5      | Reached skill level 1 in Long Blades
  5229 | D:5      | Found a staircase to the Ecumenical Temple.
  5471 | Temple   | Entered the Ecumenical Temple
  5692 | D:6      | Noticed a queen bee
  5712 | D:5      | Succumbed to a queen bee's poison

Illustrated notes

Levels and vault maps discovered:
D:1:      evilmike_arrival_crescent, layout_basic, nicolae_figureground_pulse
D:2:      layout_basic, minmay_lizard_king
D:3:      layout_loops_ring, serial_shops, nicolae_shop_trees, uniq_ijyb
D:4:      layout_loops_ring
D:5:      layout_gridville, nicolae_gozag_conspicuous_consumption,
          minmay_temple_entry_nine_rooms
D:6:      layout_cave_pools, mainiacjoe_overflow_catwalk, serial_shops,
          nicolae_shop_bloodbath_and_beyond
Temple:   nicolae_temple_god_jail

Skill      XL: |  1  2  3  4  5  6  7 |
---------------+----------------------+-----
Throwing       | 1 |  1.1
Armour         | 1 |  1.1
Short Blades   | 2 3 4 |  4.2
Dodging        | 2 |  2.8
Translocations | 3 4 |  4.9
Stealth        | 2 |  2.2
Long Blades    | 1 |  1.1
Fighting       | |  2.2
Spellcasting   | |  2.1

Action                   |  1- 3 |  4- 6 |  7- 9 || total
-------------------------+-------+-------+-------++-------
Melee: Short sword       |   101 |   160 |       ||   261
       Unarmed           |    27 |       |       ||    27
       Long sword        |       |    22 |    28 ||    50
 Cast: Blink             |       |     5 |     2 ||     7
Evoke: Wand              |     4 |       |     2 ||     6
  Use: Scroll            |     2 |     9 |     1 ||    12
       Potion            |       |       |     2 ||     2
 Stab: Sleeping          |     1 |       |       ||     1
Armor: Leather armour    |    38 |    65 |     7 ||   110
       Skin              |     5 |       |     6 ||    11
Dodge: Dodged            |    69 |   104 |    16 ||   189

Table legend: (Time is in decaauts)
 A = Elapsed time spent in this place.
 B = Non-inter-level travel time spent in this place.
 C = Inter-level travel time spent in this place.
 D = Time resting spent in this place.
 E = Time spent auto-exploring this place.
 F = Levels seen in this place.
 G = Mean time per level.
                   A        B        C        D        E       F      G
               +--------+--------+--------+--------+--------+-----+--------+
         Total |   5668 |   5333 |    335 |     11 |   4323 |   7 |  809.7 |
       Dungeon |   5596 |   5276 |    320 |     11 |   4273 |   6 |  932.7 |
        Temple |     71 |     57 |     14 |      0 |     50 |   1 |   71.0 |
               +--------+--------+--------+--------+--------+-----+--------+

Top non-repeatable levels by time:
     D:5: 1482 daAuts
     D:3: 1104 daAuts
     D:1: 1031 daAuts
     D:2: 998 daAuts
     D:4: 966 daAuts
  Temple: 71 daAuts
     D:6: 14 daAuts
